 Dungeon Crawl Stone Soup version 0.30.0 (webtiles) character file.

Game seed: 6775304065816015865

16 Dani the Shooter (level 2, 19/22 HPs)
             Began as a Demonspawn Hunter on May 21, 2023.
             Quit the game on level 1 of the Dungeon.
             The game lasted 00:00:24 (149 turns).

Dani the Shooter (Demonspawn Hunter)                 Turns: 149, Time: 00:00:25

Health: 19/22      AC:  5    Str: 11    XL:     2   Next: 37%
Magic:  2/2        EV: 11    Int: 10    God:
Gold:   14         SH:  0    Dex: 16    Spells: 1/1 levels left

rFire   . . .        a - +0 shortbow
rCold   . . .        (shield currently unavailable)
rNeg    . . .        c - +0 leather armour
rPois   .            (no helmet)
rElec   .            (no cloak)
rCorr   .            (no gloves)
SInv    .            (no boots)
Will    .....        (no amulet)
Stlth   +            (no ring)
HPRegen 0.23/turn    (no ring)
MPRegen 0.08/turn

%: no passive effects
@: no status effects
A: yellow scales 1
a: no special abilities


You were on level 1 of the Dungeon.
You visited 1 branch of the dungeon, and saw 1 of its levels.

You collected 14 gold pieces.

Inventory:

Hand Weapons
 a - a +0 shortbow (weapon)
Armour
 c - a +0 leather armour (worn)
Scrolls
 b - 2 scrolls of immolation
Potions
 d - a potion of attraction {unknown}


   Skills:
 - Level 2.0 Fighting
 * Level 4.2 Ranged Weapons
 - Level 1.7 Dodging
 - Level 0.8 Stealth


You had one spell level left.
You didn't know any spells.
Your spell library contained the following spells:

 Spells                   Type           Power      Damage    Failure   Level
 Slow                     Hex            0%         N/A       45%         1
 Confusing Touch          Hex            0%         N/A       83%         3
 Vampiric Draining        Necr           0%         2d6       83%         3


Dungeon Overview and Level Annotations

Branches:
Dungeon (1/15)

Altars:


Innate Abilities, Weirdness & Mutations

You are partially covered in yellow scales. (AC +2)


Message History

The ball python hisses angrily.
The arrow hits the ball python!
You kill the ball python!
You shoot an arrow. The arrow closely misses the hobgoblin.
A hobgoblin is nearby!
You shoot an arrow. The arrow barely misses the hobgoblin.
A bat comes into view.
The hobgoblin closely misses you.
The bat moves out of view.
A hobgoblin is nearby!
You shoot an arrow. The arrow hits the hobgoblin.
The hobgoblin is severely wounded.
The hobgoblin barely misses you.
There are monsters nearby!
You shoot an arrow. The arrow barely misses the hobgoblin.
The hobgoblin barely misses you.
There are monsters nearby!
You shoot an arrow. The arrow hits the hobgoblin.
You kill the hobgoblin!
The bat closely misses you.
A bat is nearby!
You shoot an arrow. The arrow misses the bat.
The bat misses you. The bat barely misses you.
A bat is nearby!
You shoot an arrow. The arrow closely misses the bat.
The bat hits you but does no damage.
A bat is nearby!
You shoot an arrow.
The arrow hits the bat but does no damage.
The bat misses you. The bat closely misses you.
A bat is nearby!
You shoot an arrow. The arrow hits the bat.
You kill the bat!
You see here a bat corpse.
Key pressed, stopping explore.
No target in view!
Key pressed, stopping explore.
No target in view!
A dart slug comes into view.
You shoot an arrow. The arrow hits the dart slug.
The dart slug is moderately wounded.
The dart slug launches a dart at you.
The slug dart hits you but does no damage.
A dart slug is nearby!
You shoot an arrow. The arrow hits the dart slug!
You kill the dart slug!
Your Ranged Weapons skill increases to level 4!
You have reached level 2!
Your demonic ancestry asserts itself...
Yellow scales grow over part of your body.
Key pressed, stopping explore.
A giant cockroach comes into view.
A giant cockroach is nearby!
A giant cockroach is nearby!
You shoot an arrow.
The arrow closely misses the giant cockroach.
A giant cockroach is nearby!
You shoot an arrow.
The arrow hits the giant cockroach but does no damage.
A giant cockroach is nearby!
You shoot an arrow. The arrow hits the giant cockroach.
You kill the giant cockroach!
Key pressed, stopping explore.
No target in view!
An endoplasm comes into view.
The endoplasm quivers.
You shoot an arrow. The arrow hits the endoplasm.
You kill the endoplasm!
A ball python comes into view.
You shoot an arrow. The arrow hits the ball python!
You kill the ball python!
A goblin and a giant cockroach come into view.
Found a hand axe.
You shoot an arrow.
The arrow hits the giant cockroach but does no damage.
You hear an angry hiss.
A ball python comes into view.
There are monsters nearby!
You shoot an arrow.
The arrow hits the ball python but does no damage.
The goblin shouts!
There are monsters nearby!
You shoot an arrow.
The arrow hits the ball python but does no damage.
The ball python completely misses you. The ball python grabs you.
The ball python constricts you.
You shoot an arrow. The arrow hits the ball python!
You kill the ball python!
The giant cockroach misses you.
You shoot an arrow. The arrow hits the giant cockroach.
The giant cockroach is severely wounded.
The giant cockroach bites you.
You shoot an arrow. The arrow hits the giant cockroach.
You kill the giant cockroach!
The goblin hits you with a +0 club.
You shoot an arrow. The arrow hits the goblin.
You kill the goblin!
No target in view!
No target in view!
Are you sure you want to abandon this character and quit the game? (Confirm with "yes".)

.. .. .. .## #. ..
..## #.. .. ...#
#.)#. ##.#.# ####.#.
#..#.#
.......##.##.#######
......†#............
......)@..##.######
#.#
......###.##.....#
#.# .....
#.......##...# #.#
....
#....##..###.... #.#
... #...............
#.# ..
#.....########..
####.# # ##.....#
...#.# #......###
.#...# ####.####...#


There were no monsters in sight!

Vanquished Creatures
  A dart slug (D:1)
  An endoplasm (D:1)
  2 giant cockroaches (D:1)
  A goblin (D:1)
  2 hobgoblins (D:1)
  3 ball pythons (D:1)
  2 bats (D:1)
  A rat (D:1)
13 creatures vanquished.

Notes
Turn   | Place    | Note
-------+----------+-------------------------------------------
     0 | D:1      | Dani the Demonspawn Hunter began the quest for the Orb.
     0 | D:1      | Reached XP level 1. HP: 16/16 MP: 1/1
   117 | D:1      | Reached skill level 4 in Ranged Weapons
   117 | D:1      | Gained mutation: You are partially covered in yellow
                  | scales. (AC +2) [demonic ancestry]
   117 | D:1      | Reached XP level 2. HP: 22/22 MP: 2/2
   149 | D:1      | Quit the game

Illustrated notes

Levels and vault maps discovered:
D:1:      sevenhm_arrival_forest_fort_large_4, layout_rooms

Skill      XL: |  1 |
---------------+----+-----
Ranged Weapons | 4 |  4.2
Fighting       | |  2.0
Dodging        | |  1.7
Stealth        | |  0.8

Action                     || total
---------------------------++-------
   Fire: Shortbow          ||    30
 Armour: Leather armour    ||     2
  Dodge: Dodged            ||    10

Levels and vault maps discovered:
D:1:      sevenhm_arrival_forest_fort_large_4, layout_rooms

Table legend: (Time is in decaauts)
 A = Elapsed time spent in this place.
 B = Non-inter-level travel time spent in this place.
 C = Inter-level travel time spent in this place.
 D = Time resting spent in this place.
 E = Time spent auto-exploring this place.
 F = Levels seen in this place.
 G = Mean time per level.
                   A        B        C        D        E       F      G
               +--------+--------+--------+--------+--------+-----+--------+
         Total |    159 |    159 |      0 |      0 |    108 |   1 |  159.0 |
       Dungeon |    159 |    159 |      0 |      0 |    108 |   1 |  159.0 |
               +--------+--------+--------+--------+--------+-----+--------+

Top non-repeatable levels by time:
     D:1: 159 daAuts

Table legend:
 A = Kills in this place as a percentage of kills in the entire game.
 B = Kills by you in this place as a percentage of kills by you in the entire game.
 C = Kills by friends in this place as a percentage of kills by friends in the entire game.
 D = Other kills in this place as a percentage of other kills in the entire game.
 E = Experience gained in this place as a percentage of experience gained in the entire game.
 F = Experience gained in this place divided by the number of levels of this place that you have seen.
                   A       B       C       D       E      F
               +-------+-------+-------+-------+-------+----------------------
         Total | 100.0 | 100.0 |   N/A |   N/A | 100.0 |  23.0
       Dungeon | 100.0 | 100.0 |   N/A |   N/A | 100.0 |  23.0
               +-------+-------+-------+-------+-------+----------------------
